 Dungeon Crawl Stone Soup version 0.30-a0-847-g17996783a1 (webtiles) character file.

Game seed: 11126128847660241231

46 greenreed the Conjurer (level 3, -4/16 HPs)
             Began as a Spriggan Conjurer on Mar 3, 2023.
             Slain by Terence
             ... wielding a +2 short sword of electrocution
              (11 damage)
             ... on level 2 of the Dungeon.
             The game lasted 00:03:15 (1943 turns).

greenreed the Conjurer (Spriggan Conjurer)          Turns: 1943, Time: 00:03:15

Health: -4/16      AC:  2    Str:  3    XL:     3   Next: 44%
Magic:  0/8        EV: 17    Int: 21    God:
Gold:   85         SH:  0    Dex: 13    Spells: 5/8 levels left

rFire   . . .      SeeInvis +    (weapon restricted)
rCold   . . .      Faith    .    (no shield)
rNeg    . . .      Spirit   .    a - +0 robe
rPois   .          Reflect  .    (helmet restricted)
rElec   .          Rampage  .    (no cloak)
rCorr   .                        (gloves unavailable)
Will    +....                    (boots unavailable)
Stlth   ++                       (no amulet)
HPRegen 0.22/turn                c - ring of willpower
MPRegen 0.11/turn                f - ring of wizardry

@: very quick
A: very small, no large weapons, unfitting armour, see invisible, speed 3
a: no special abilities


You were on level 2 of the Dungeon.
You visited 1 branch of the dungeon, and saw 2 of its levels.

You collected 85 gold pieces.

Inventory:

Armour
 a - a +0 robe (worn)
Magical Staves
 g - a staff of earth
Jewellery
 c - a ring of willpower (left hand)
 f - a ring of wizardry (right hand)
Scrolls
 d - 2 scrolls of teleportation {unknown}
 h - a scroll of vulnerability {unknown}
 i - a scroll of enchant armour {unknown}
Potions
 b - a potion of magic
 e - a potion of invisibility {unknown}


   Skills:
 + Level 2.9 Dodging
 + Level 3.0 Stealth
 * Level 3.4 Spellcasting
 * Level 3.6 Conjurations


You had 5 spell levels left.
You knew the following spells:

 Your Spells              Type           Power      Damage    Failure   Level
a - Magic Dart            Conj           72%        1d6       1%          1
b - Searing Ray           Conj           36%        2d5       1%          2

Your spell library contained the following spells:

 Spells                   Type           Power      Damage    Failure   Level
 Freeze                   Ice            12%        1d3       5%          1
 Sandblast                Erth           6%         2d5       5%          1
 Slow                     Hex            12%        N/A       5%          1
 Sublimation of Blood     Necr           3%         N/A       8%          2
 Dazzling Flash           Conj/Hex       22%        N/A       8%          3
 Hailstorm                Conj/Ice       11%        3d5       8%          3
 Frozen Ramparts          Ice            6%         1d1       16%         3
 Fulminant Prism          Conj/Hex       5%         3d7       24%         4
 Iskenderun's Mystic Bla  Conj/Tloc      11%        2d4       24%         4
 Petrify                  Tmut/Erth      3%         N/A       43%         4
 Irradiate                Conj/Tmut      5%         3d13      52%         5


Dungeon Overview and Level Annotations

Branches:
Dungeon (2/15)

Altars:

Annotations:
D:2 Terence


Innate Abilities, Weirdness & Mutations

You are very small and have problems with some larger weapons.
You are too small for most types of armour.
You have supernaturally acute eyesight. (SInv)
You cover ground extremely quickly. (Speed+++)


Message History

The worm is lightly wounded.
You are out of magic!
The worm bites you.
There is an open door here.
You start resting.
HP restored.
You start resting.
Magic restored.
You open the large door.
Terence the Incautious comes into view.
He is wielding a +2 short sword of electrocution.
There is a large open door here.
The magic dart hits Terence.
Terence is lightly wounded.
Terence shouts!
The magic dart hits Terence.
Terence is moderately wounded.
Casting: Magic Dart (safe; 1% risk of failure)
Confirm with . or Enter, or press ? or * to list all spells.
You can't see any susceptible monsters within range! (Use Z to cast anyway.)
The magic dart hits Terence but does no damage.
Terence is moderately wounded.
Casting: Magic Dart (safe; 1% risk of failure)
Confirm with . or Enter, or press ? or * to list all spells.
Aiming: Searing Ray (safe; 1% risk of failure)
Press: ? - help, Shift-Dir - straight line, f/p - Terence
Aim: Terence, wielding a +2 short sword of electrocution and wearing a +0 scale mail (moderately wounded, 81% to hit)
The searing ray hits Terence.
Terence is heavily wounded. (Press . to maintain the ray.)
The searing ray misses Terence.
The searing ray hits Terence.
Terence is severely wounded.
The searing ray hits Terence but does no damage.
Terence is heavily wounded.
You finish channelling your searing ray.
Terence hits you with a +2 short sword of electrocution!
Ouch! That really hurt!
You are electrocuted!
Ouch! That really hurt!
You die...

........####.##....##
........'...........#
.#......####.##.....#
.#....).## #.##.....#
.........###.##.....#
.........##..##.....#
............###.....#
.......>............#
...............#@##.#
...............#@##+#
#########.........
#..........
#...........
#............
#######......#
#......#


You could see Terence.

Vanquished Creatures
  2 adders (D:2)
  A worm (D:2)
  2 dart slugs
  A ball python (D:1)
  3 endoplasms
  A giant cockroach (D:2)
  2 goblins (D:1)
  3 hobgoblins (D:1)
  A quokka (D:1)
  2 frilled lizards
  A kobold (D:1)
  2 rats
21 creatures vanquished.

Vanquished Creatures (others)
  A plant (D:1)
1 creature vanquished.

Grand Total: 22 creatures vanquished

Notes
Turn   | Place    | Note
-------+----------+-------------------------------------------
     0 | D:1      | greenreed the Spriggan Conjurer began the quest for the
                  | Orb.
     0 | D:1      | Reached XP level 1. HP: 9/9 MP: 5/5
   317 | D:1      | Got First Steps in Spellcasting
   433 | D:1      | Reached XP level 2. HP: 13/13 MP: 3/6
   848 | D:1      | Found a faded altar of an unknown god.
  1627 | D:2      | Reached XP level 3. HP: 16/16 MP: 3/8
  1638 | D:2      | Learned a level 2 spell: Searing Ray
  1936 | D:2      | Noticed Terence
  1943 | D:2      | Slain by Terence

Illustrated notes

Levels and vault maps discovered:
D:1:      roderic_crop_circles_arrival_small, layout_loops_corners,
          hellmonk_ecumenical_altar_arch_garden, nicolae_hexahallways
D:2:      layout_basic, uniq_terence

Skill      XL: |  1  2 |
---------------+-------+-----
Conjurations   | 3 |  3.6
Spellcasting   | 3 |  3.4
Dodging        | |  2.9
Stealth        | |  3.0

Action                     || total
---------------------------++-------
  Melee: Unarmed           ||     2
   Cast: Magic Dart        ||    65
         Searing Ray       ||     1
  Dodge: Dodged            ||     7

Table legend: (Time is in decaauts)
 A = Elapsed time spent in this place.
 B = Non-inter-level travel time spent in this place.
 C = Inter-level travel time spent in this place.
 D = Time resting spent in this place.
 E = Time spent auto-exploring this place.
 F = Levels seen in this place.
 G = Mean time per level.
                   A        B        C        D        E       F      G
               +--------+--------+--------+--------+--------+-----+--------+
         Total |   1448 |   1431 |     17 |    115 |   1149 |   2 |  724.0 |
       Dungeon |   1448 |   1431 |     17 |    115 |   1149 |   2 |  724.0 |
               +--------+--------+--------+--------+--------+-----+--------+

Top non-repeatable levels by time:
     D:1: 920 daAuts
     D:2: 527 daAuts
